[Event "Titled Tuesday Blitz August 08 Early 2023"]
[White "GAO"]
[Black "Saim, Mohamed Ilias"]
[BlackFideId "7900465"]
[WhiteElo "2280"]
[BlackElo "2010"]
[Result "1-0"]
[Round "10"]
[TimeControl "180+1"]
[Date "2023.08.08"]
[WhiteClock "0:02:07"]
[BlackClock "0:01:44"]
[Board "162"]

1. a3 Nf6 2. Nf3 e6 3. g3 b6 4. Bg2 Bb7 5. O-O Be7 6. c4 d6 7. Nc3 Nbd7 8. d4 O-O 9. Qc2 d5 10. Nd2 c6 11. e4 dxe4 12. Ndxe4 Qc8 13. Bf4 c5 14. d5 exd5 15. Nxf6+ Nxf6 16. cxd5 Rd8 17. Rfe1 Bd6 18. Bg5 Be7 19. Rxe7 1-0


[Site "https://www.chess.com"]

[Event "Titled Tuesday Blitz August 08 Early 2023"]
[White "Tqebuchava, Zurab"]
[Black "Mangialardo, Tiago Carvalho"]
[WhiteFideId "13601113"]
[BlackFideId "2130718"]
[WhiteElo "2256"]
[BlackElo "2086"]
[Result "1-0"]
[Round "10"]
[TimeControl "180+1"]
[Date "2023.08.08"]
[WhiteClock "0:00:10"]
[BlackClock "0:00:00"]
[Board "163"]

1. e4 Nf6 2. e5 Nd5 3. Nc3 Nxc3 4. dxc3 d6 5. exd6 exd6 6. Nf3 Be7 7. h3 Bf5 8. Be3 O-O 9. Qd2 a5 10. Bd3 Bg6 11. O-O-O a4 12. a3 c6 13. h4 Bh5 14. Rdg1 Bg4 15. h5 Nd7 16. h6 g6 17. Nh2 Be6 18. f4 Nc5 19. Bxc5 dxc5 20. g4 b5 21. Be4 Bd5 22. Bxd5 cxd5 23. Rd1 d4 24. cxd4 b4 25. dxc5 bxa3 26. Qxd8 Rfxd8 27. bxa3 Bxc5 28. Rde1 Rdb8 29. Kd2 Bxa3 30. g5 Rb2 31. Ng4 Rd8+ 32. Ke3 1-0


[Site "https://www.chess.com"]

[Event "Titled Tuesday Blitz August 08 Early 2023"]
[White "Kohler, Aran"]
[Black "Clawitter, Craig"]
[WhiteFideId "1002856"]
[BlackFideId "2023105"]
[WhiteElo "2249"]
[BlackElo "2199"]
[Result "1-0"]
[Round "10"]
[TimeControl "180+1"]
[Date "2023.08.08"]
[WhiteClock "0:02:25"]
[BlackClock "0:01:23"]
[Board "164"]

1. d4 e6 2. Nf3 Nf6 3. Bg5 d5 4. Nbd2 Be7 5. c3 c5 6. e3 b6 7. Bd3 O-O 8. h4 Ba6 9. Bc2 Nc6 10. Bxf6 Bxf6 11. Bxh7+ Kxh7 12. Ng5+ Kg8 13. Qh5 Bd3 14. e4 Bxg5 15. hxg5 f5 16. g6 1-0


[Site "https://www.chess.com"]

[Event "Titled Tuesday Blitz August 08 Early 2023"]
[White "Fernandez Hernandez, Gerardo"]
[Black "Pumpkin_in_moonlight"]
[WhiteFideId "2207400"]
[WhiteElo "2238"]
[BlackElo "2194"]
[Result "0-1"]
[Round "10"]
[TimeControl "180+1"]
[Date "2023.08.08"]
[WhiteClock "0:00:02"]
[BlackClock "0:00:38"]
[Board "165"]

1. e4 c5 2. Nc3 a6 3. g3 Nc6 4. Bg2 e6 5. d3 Nf6 6. Nh3 d5 7. O-O Be7 8. Bg5 d4 9. Ne2 e5 10. f4 h6 11. Bxf6 Bxf6 12. fxe5 Nxe5 13. Nhf4 O-O 14. Nd5 Bg5 15. Nef4 Be6 16. h4 Bxf4 17. Nxf4 Bg4 18. Qd2 Qd7 19. Nd5 Rae8 20. Rf4 Ng6 21. Rf6 Qb5 22. Rb6 Qd7 23. Rf1 Kh8 24. b3 Ne5 25. Rf4 Be6 26. Qf2 Bxd5 27. exd5 Ng4 28. Qd2 Ne3 29. Qf2 Qc7 30. Rxb7 Qxb7 31. d6 Qxg2+ 32. Qxg2 Nxg2 33. Kxg2 Rd8 0-1


[Site "https://www.chess.com"]

[Event "Titled Tuesday Blitz August 08 Early 2023"]
[White "Vaglio Munoz, Jaime"]
[Black "Lisjak, Zlatko"]
[WhiteFideId "6500145"]
[BlackFideId "14502186"]
[WhiteElo "2233"]
[BlackElo "2182"]
[Result "1-0"]
[Round "10"]
[TimeControl "180+1"]
[Date "2023.08.08"]
[WhiteClock "0:00:08"]
[BlackClock "0:00:00"]
[Board "166"]

1. e4 c5 2. a3 a5 3. Bc4 e6 4. Nc3 Nc6 5. Nf3 d6 6. d4 cxd4 7. Nxd4 Nf6 8. Ndb5 Be7 9. Bf4 Ne5 10. Bxe5 dxe5 11. Qe2 O-O 12. f3 Bd7 13. O-O-O Qb6 14. Na4 Qc6 15. g4 Rfc8 16. Bd3 Be8 17. Kb1 b6 18. Qe3 Bc5 19. Nxc5 bxc5 20. Bc4 a4 21. Rd6 Qb7 22. Rhd1 Bxb5 23. Bxb5 Qxb5 24. g5 Rab8 25. Qc3 Ne8 26. Rd7 c4 27. h4 g6 28. h5 gxh5 29. Re7 Rb7 30. Rxb7 Qxb7 31. Kc1 Qb5 32. Rh1 Ng7 33. Rd1 Qc5 34. Rd7 Qg1+ 35. Rd1 Qxg5+ 36. Kb1 h4 37. Qe1 h3 38. Qf2 c3 39. b4 axb3 40. Rg1 bxc2+ 41. Kxc2 Qd2+ 42. Qxd2 cxd2+ 43. Kxd2 Rd8+ 44. Kc3 h5 45. Rh1 Rc8+ 46. Kb4 Rb8+ 47. Kc3 f5 48. Rxh3 f4 49. Rh2 Ra8 50. Kb4 Kf7 51. a4 Kf6 52. a5 Ne8 53. Rxh5 Nd6 54. Rh7 Nxe4 55. fxe4 f3 56. Rh3 Rb8+ 57. Kc4 Rc8+ 58. Kb5 Rb8+ 59. Kc6 Ra8 60. Kb6 Rb8+ 61. Kc7 Rb1 62. Rxf3+ Ke7 63. a6 Ra1 64. Kb7 Kd6 65. Rc3 Rb1+ 66. Kc8 Ra1 67. Kb7 Rb1+ 68. Ka8 1-0


[Site "https://www.chess.com"]

[Event "Titled Tuesday Blitz August 08 Early 2023"]
[White "cthake"]
[Black "Thiel, Thomas"]
[BlackFideId "4615964"]
[WhiteElo "1842"]
[BlackElo "2203"]
[Result "0-1"]
[Round "10"]
[TimeControl "180+1"]
[Date "2023.08.08"]
[WhiteClock "0:00:00"]
[BlackClock "0:00:42"]
[Board "167"]

1. e4 d5 2. exd5 Nf6 3. Nc3 Nxd5 4. Nxd5 Qxd5 5. Qf3 Be6 6. Qxd5 Bxd5 7. f3 Nc6 8. Ne2 O-O-O 9. c3 e5 10. Ng3 g6 11. Ne4 f5 12. Nf2 Bg7 13. d3 Rhe8 14. Bg5 Rd7 15. O-O-O h6 16. Be3 Bxa2 17. b4 a6 18. Kb2 Bf7 19. Be2 Ne7 20. h4 Nd5 21. Bd2 e4 22. dxe4 Nxb4 23. Ka3 Nc6 24. exf5 Rxe2 25. fxg6 Bxg6 26. Rhe1 Rdxd2 27. Rxd2 Rxd2 28. Ne4 Bxe4 29. Rxe4 Rxg2 30. h5 Bxc3 31. Kb3 Be5 32. f4 Bd6 33. f5 Rf2 34. Re6 Rxf5 35. Rxh6 Rf3+ 36. Kc4 b5+ 37. Kd5 Ne7+ 38. Ke6 Kb7 39. Rh8 Nf5 40. h6 Nxh6 0-1


[Site "https://www.chess.com"]

[Event "Titled Tuesday Blitz August 08 Early 2023"]
[White "Ai, Evan"]
[Black "Wisniowski, Natalie"]
[WhiteFideId "2094770"]
[BlackFideId "30929261"]
[WhiteElo "2312"]
[BlackElo "2044"]
[Result "1-0"]
[Round "10"]
[TimeControl "180+1"]
[Date "2023.08.08"]
[WhiteClock "0:00:39"]
[BlackClock "0:00:00"]
[Board "168"]

1. e4 e6 2. d4 d5 3. Nc3 Bb4 4. e5 Ne7 5. Qg4 Ng6 6. h4 h5 7. Qg3 c5 8. a3 cxd4 9. axb4 dxc3 10. bxc3 Qc7 11. f4 Nc6 12. Bd3 Nce7 13. Ne2 Bd7 14. Be3 b6 15. O-O Bc6 16. Nd4 O-O 17. Be2 a5 18. Bxh5 axb4 19. Rxa8 Rxa8 20. cxb4 Bb7 21. Bxg6 Nxg6 22. Nxe6 fxe6 23. Qxg6 Qf7 24. Qxf7+ Kxf7 25. Bxb6 Ra4 26. Bc5 Ra2 27. c3 Rc2 28. Bd4 Rd2 29. Rf2 Rd1+ 30. Kh2 Rb1 31. Ra2 Rc1 32. Ra7 1-0


[Site "https://www.chess.com"]

[Event "Titled Tuesday Blitz August 08 Early 2023"]
[White "Rodriguez Santiago, Jaime"]
[Black "Kiseljova, Marya"]
[WhiteFideId "3100898"]
[BlackFideId "4155009"]
[WhiteElo "2295"]
[BlackElo "2208"]
[Result "0-1"]
[Round "10"]
[TimeControl "180+1"]
[Date "2023.08.08"]
[WhiteClock "0:00:12"]
[BlackClock "0:00:21"]
[Board "170"]

1. d4 d5 2. c4 e6 3. Nc3 Nf6 4. cxd5 exd5 5. Bg5 c6 6. e3 Bf5 7. Qf3 Bg6 8. Bxf6 Qxf6 9. Qxf6 gxf6 10. Nf3 Nd7 11. Nh4 Bb4 12. f4 Be4 13. Kf2 f5 14. Nxe4 fxe4 15. a3 Be7 16. Nf5 Nf6 17. h3 h5 18. Be2 h4 19. Rhc1 Kd7 20. b4 Rag8 21. Nxe7 Kxe7 22. b5 Kd7 23. bxc6+ bxc6 24. Rc5 Rb8 25. Rac1 Rb6 26. a4 Rc8 27. a5 Rb2 28. Kf1 Kd6 29. R5c2 Rxc2 30. Rxc2 Rb8 31. a6 Nd7 32. Kf2 Rb6 33. g4 c5 34. f5 c4 35. Ra2 Nb8 36. g5 Nxa6 37. g6 fxg6 38. fxg6 Ke7 39. g7 Kf7 40. Ra5 Rd6 41. g8=Q+ Kxg8 42. Ke1 Kf7 43. Kd2 Ke6 44. Kc3 Rb6 45. Bd1 Kd6 46. Bh5 Rb3+ 47. Kd2 Rd3+ 48. Ke2 Nb4 49. Bf7 c3 50. Rxa7 c2 51. Ra1 Rc3 52. Rc1 Nd3 53. Kd2 Nxc1 54. Kxc1 Rxe3 55. Kxc2 Rd3 56. Bh5 Rxd4 57. Bg4 Rd3 58. Kc1 Ke5 59. Kc2 Kf4 60. Kc1 d4 61. Kc2 Rg3 62. Kc1 Rxg4 63. Kc2 Rg3 64. Kc1 Rxh3 65. Kc2 Rg3 66. Kc1 h3 67. Kc2 Rg2+ 68. Kc1 h2 0-1


[Site "https://www.chess.com"]

[Event "Titled Tuesday Blitz August 08 Early 2023"]
[White "LuxLinster"]
[Black "Petersson, Kjell"]
[BlackFideId "1705148"]
[WhiteElo "2259"]
[BlackElo "2189"]
[Result "1-0"]
[Round "10"]
[TimeControl "180+1"]
[Date "2023.08.08"]
[WhiteClock "0:00:09"]
[BlackClock "0:00:25"]
[Board "171"]

1. d4 f5 2. Bg5 h6 3. Bh4 c5 4. e3 Qb6 5. Nd2 cxd4 6. exd4 g5 7. Qh5+ Kd8 8. Bxg5 Qxd4 9. Be3 Qxb2 10. Rb1 Qxc2 11. Ngf3 Bg7 12. Qf7 Qc3 13. Bb5 Qf6 14. Qb3 Nc6 15. O-O e6 16. Rfd1 Nge7 17. Nc4 Ke8 18. Nd6+ Kf8 19. Nxc8 Rxc8 20. Rxd7 Na5 21. Qa3 b6 22. Rxa7 Kf7 23. Bxb6 Nc6 24. Bxc6 Rxc6 25. Bd4 e5 26. Nxe5+ Kg8 27. Qxe7 Qxe7 28. Rxe7 Rc8 29. g3 Bxe5 30. Bxe5 Rh7 31. Rxh7 Kxh7 32. a4 Ra8 33. Ra1 Kg6 34. a5 Kf7 35. a6 Ke6 36. Bf4 Kd5 37. a7 Ke4 38. Bb8 1-0


[Site "https://www.chess.com"]

[Event "Titled Tuesday Blitz August 08 Early 2023"]
[White "McLaren, Brian"]
[Black "Samarth J Rao"]
[WhiteFideId "2604612"]
[BlackFideId "46652370"]
[WhiteElo "2248"]
[BlackElo "2165"]
[Result "1-0"]
[Round "10"]
[TimeControl "180+1"]
[Date "2023.08.08"]
[WhiteClock "0:01:20"]
[BlackClock "0:00:00"]
[Board "172"]

1. g3 c5 2. Bg2 e6 3. c4 a6 4. Nf3 Nc6 5. O-O Nf6 6. Nc3 Be7 7. e4 d6 8. d4 cxd4 9. Nxd4 O-O 10. Be3 Nxd4 11. Bxd4 Bd7 12. Rc1 Rc8 13. b3 b5 14. cxb5 axb5 15. Qe2 b4 16. Nb1 Qa5 17. Rfd1 Rxc1 18. Rxc1 Rc8 19. Rxc8+ Bxc8 20. e5 Ba6 21. Qb2 Ne8 22. Nd2 d5 23. h4 Nc7 24. h5 Nb5 25. Nf3 Nc3 26. a4 Ne2+ 27. Kh2 Nxd4 28. Nxd4 h6 29. Nc6 Qc5 30. Nxe7+ Qxe7 31. Qc2 Qc7 32. Qxc7 d4 33. Qb6 d3 34. Be4 f5 35. exf6 d2 36. Qd8+ 1-0


[Site "https://www.chess.com"]

[Event "Titled Tuesday Blitz August 08 Early 2023"]
[White "Sarkar, Justin"]
[Black "Grigoryan, Meri"]
[WhiteFideId "2010011"]
[BlackFideId "13300571"]
[WhiteElo "2222"]
[BlackElo "2160"]
[Result "1-0"]
[Round "10"]
[TimeControl "180+1"]
[Date "2023.08.08"]
[WhiteClock "0:00:50"]
[BlackClock "0:00:16"]
[Board "173"]

1. d4 d5 2. c4 e5 3. dxe5 d4 4. e4 Nc6 5. Nf3 Nge7 6. Be2 Ng6 7. Bg5 Bb4+ 8. Nbd2 f6 9. exf6 gxf6 10. Bh6 Qe7 11. O-O Rg8 12. a3 Bd6 13. Kh1 Bf4 14. Bxf4 Nxf4 15. g3 Qg7 16. Nh4 Nxe2 17. Qxe2 Bh3 18. Nf5 Qd7 19. Qh5+ Qf7 20. Qxh3 Ne5 21. Nh6 1-0


[Site "https://www.chess.com"]

[Event "Titled Tuesday Blitz August 08 Early 2023"]
[White "Joshi, Pankaj"]
[Black "Nikulina, Alena"]
[WhiteFideId "5006210"]
[BlackFideId "4172051"]
[WhiteElo "2218"]
[BlackElo "2054"]
[Result "0-1"]
[Round "10"]
[TimeControl "180+1"]
[Date "2023.08.08"]
[WhiteClock "0:01:29"]
[BlackClock "0:00:53"]
[Board "174"]

1. d4 d5 2. Nc3 Nf6 3. Bf4 c6 4. e3 e6 5. Bd3 Bd6 6. Nf3 Bxf4 7. exf4 O-O 8. Ne2 c5 9. c3 cxd4 10. cxd4 Qa5+ 11. Qd2 Qxd2+ 12. Nxd2 Nc6 13. Nf3 Nb4 14. Bb1 Bd7 15. a3 Nc6 16. O-O Na5 17. Bd3 Rac8 18. Ne5 Nb3 19. Rad1 Ba4 20. Nc3 Bc6 21. Bc2 Na5 22. b4 Nc4 23. Bb3 Nxa3 24. Ra1 Nb5 25. Nxb5 Bxb5 26. Rfc1 a6 27. Nd3 0-1


[Site "https://www.chess.com"]

[Event "Titled Tuesday Blitz August 08 Early 2023"]
[White "Pershina, Elena"]
[Black "Floresvillar Gonzalez, Luis Migu"]
[WhiteFideId "24147516"]
[BlackFideId "5100542"]
[WhiteElo "2331"]
[BlackElo "2142"]
[Result "1-0"]
[Round "10"]
[TimeControl "180+1"]
[Date "2023.08.08"]
[WhiteClock "0:00:34"]
[BlackClock "0:00:00"]
[Board "175"]

1. c4 e6 2. g3 d5 3. Bg2 c6 4. Nf3 Bd6 5. O-O Nf6 6. b3 O-O 7. Bb2 Nbd7 8. d4 Ne4 9. Nbd2 f5 10. Ne5 Nxe5 11. dxe5 Bc5 12. cxd5 exd5 13. Rc1 Qe7 14. Qc2 Bb6 15. e3 Be6 16. Bd4 Rfc8 17. f3 Nxd2 18. Qxd2 c5 19. Bb2 Rd8 20. Kh1 Rac8 21. f4 Rd7 22. Rfd1 Rcd8 23. a4 d4 24. exd4 cxd4 25. a5 Bc7 26. b4 b6 27. a6 Bd5 28. Bxd5+ Rxd5 29. Rc6 b5 30. Rdc1 Bb6 31. Qd3 g6 32. Ba3 R8d7 33. Kg2 Kg7 34. Kf3 h5 35. h4 Rd8 36. Rf6 R8d7 37. Rcc6 Rc7 38. Rxg6+ Kf8 39. Qxf5+ Qf7 40. Rgf6 1-0


[Site "https://www.chess.com"]

[Event "Titled Tuesday Blitz August 08 Early 2023"]
[White "Steindl, Johannes"]
[Black "Osiecki, Stanislaw"]
[WhiteFideId "1643266"]
[BlackFideId "1102990"]
[WhiteElo "2267"]
[BlackElo "2010"]
[Result "1-0"]
[Round "10"]
[TimeControl "180+1"]
[Date "2023.08.08"]
[WhiteClock "0:00:01"]
[BlackClock "0:00:00"]
[Board "176"]

1. e4 e6 2. d4 d5 3. Nd2 c5 4. exd5 exd5 5. Ngf3 cxd4 6. Nb3 Nc6 7. Nbxd4 Bd6 8. Bb5 Bd7 9. O-O Nge7 10. b3 O-O 11. Bb2 a6 12. Bd3 Nxd4 13. Nxd4 Nc6 14. Qh5 g6 15. Nxc6 gxh5 16. Nxd8 Raxd8 17. Bd4 Rfe8 18. Rfe1 Rxe1+ 19. Rxe1 Re8 20. Rxe8+ Bxe8 21. g3 Bd7 22. Kg2 Be7 23. h4 Bg4 24. f3 Be6 25. a4 f5 26. f4 Kf8 27. Be2 Bf7 28. Kf2 Ke8 29. Ke3 Kd7 30. Bb6 Kc6 31. Bd4 Ba3 32. Bf3 Bc1+ 33. Kd3 Kd7 34. c3 Ba3 35. b4 a5 36. bxa5 Bd6 37. Kc2 Bc7 38. Be2 Bxa5 39. Bb5+ Kd6 40. Kd3 Bd8 41. Be5+ Ke6 42. Bd4 Ba5 43. Bf2 Bd8 44. Bc5 Ba5 45. Kd4 Bc7 46. Kd3 Ba5 47. Bd4 Bc7 48. Bf2 Ba5 49. c4 dxc4+ 50. Bxc4+ Ke7 51. Bc5+ Kf6 52. Bd4+ Ke7 53. Bxf7 Kxf7 54. Bf2 Ke6 55. Kc4 Kd7 56. Kb5 Bc7 57. a5 Kc8 58. Be1 Kd7 59. Kc5 Ke6 60. Kd4 Kd6 61. Bb4+ Kc6 62. Be1 Kb5 63. Kd5 Bxa5 64. Bf2 Bc7 65. Ke6 Kc4 66. Kxf5 b5 67. Be1 Bd6 68. Ke6 Bb4 69. Bf2 1-0


[Site "https://www.chess.com"]

[Event "Titled Tuesday Blitz August 08 Early 2023"]
[White "campochess"]
[Black "Seifert, Henryk"]
[BlackFideId "1100963"]
[WhiteElo "2180"]
[BlackElo "2034"]
[Result "1-0"]
[Round "10"]
[TimeControl "180+1"]
[Date "2023.08.08"]
[WhiteClock "0:00:59"]
[BlackClock "0:00:00"]
[Board "177"]

1. e4 e6 2. Qe2 c5 3. c3 Nc6 4. Nf3 g6 5. d4 cxd4 6. cxd4 Bg7 7. Be3 Nge7 8. Nc3 d5 9. e5 b6 10. Qd2 O-O 11. g4 f6 12. Bh6 fxe5 13. Bxg7 Kxg7 14. Nxe5 Nxe5 15. dxe5 d4 16. Ne4 Qd5 17. Bg2 Qxe5 18. O-O Bb7 19. f4 Qb5 20. Qxd4+ e5 21. fxe5 Nd5 22. e6+ Kg8 23. Nd6 1-0


[Site "https://www.chess.com"]

[Event "Titled Tuesday Blitz August 08 Early 2023"]
[White "Delorme, Axel"]
[Black "Skiadopoulos, Nikolaos"]
[WhiteFideId "632023"]
[BlackFideId "4200772"]
[WhiteElo "2466"]
[BlackElo "1876"]
[Result "1-0"]
[Round "10"]
[TimeControl "180+1"]
[Date "2023.08.08"]
[WhiteClock "0:01:37"]
[BlackClock "0:00:31"]
[Board "179"]

1. e4 c5 2. Nf3 Nc6 3. d4 cxd4 4. Nxd4 e5 5. Nb5 a6 6. Nd6+ Bxd6 7. Qxd6 Qf6 8. Qc7 Nge7 9. Nc3 O-O 10. Be3 d6 11. O-O-O Be6 12. Qxd6 Rfd8 13. Qa3 Rxd1+ 14. Nxd1 Qg6 15. f3 f5 16. Nf2 fxe4 17. Nxe4 Nf5 18. Bf2 Qh6+ 19. Kb1 Rd8 20. Bd3 Nh4 21. Bxh4 Qxh4 22. Nc5 Bd5 23. Be4 Bxe4 24. Nxe4 Qxh2 25. Rc1 b5 26. Qb3+ Kf8 27. Ng5 Rd7 28. Qe6 Re7 29. Qxc6 1-0


[Site "https://www.chess.com"]

[Event "Titled Tuesday Blitz August 08 Early 2023"]
[White "Guevara Sanchez, Erick Marvin"]
[Black "Gardezi, Arsal"]
[WhiteFideId "6700136"]
[BlackFideId "30949521"]
[WhiteElo "2097"]
[BlackElo "2264"]
[Result "1-0"]
[Round "10"]
[TimeControl "180+1"]
[Date "2023.08.08"]
[WhiteClock "0:01:55"]
[BlackClock "0:01:19"]
[Board "180"]

1. e4 e6 2. d4 d5 3. Nc3 Nf6 4. Bg5 Be7 5. e5 Nfd7 6. Bxe7 Qxe7 7. f4 c5 8. Nb5 Na6 9. Nd6+ Kf8 10. Nf3 cxd4 11. Bxa6 bxa6 12. Nxd4 Qh4+ 13. g3 Qh3 14. Qf3 Rb8 15. Nc6 Rxb2 16. Qa3 Rxc2 17. Nc4+ Kg8 18. Ne7+ Kf8 19. Ng6+ Kg8 20. Ne7+ Kf8 21. Nxc8+ Kg8 22. Ne7+ Kf8 23. Ng6+ Kg8 24. Qf8+ Nxf8 25. Ne7# 1-0


[Site "https://www.chess.com"]

[Event "Titled Tuesday Blitz August 08 Early 2023"]
[White "Carlsen, Magnus"]
[Black "Andreikin, Dmitry"]
[WhiteFideId "1503014"]
[BlackFideId "4158814"]
[WhiteElo "3248"]
[BlackElo "3012"]
[Result "1/2-1/2"]
[Round "11"]
[TimeControl "180+1"]
[Date "2023.08.08"]
[WhiteClock "0:00:08"]
[BlackClock "0:00:06"]
[Board "1"]

1. Nf3 b5 2. e4 Bb7 3. Bxb5 Bxe4 4. d4 c6 5. Bd3 Bxf3 6. Qxf3 Nf6 7. c4 e6 8. Nc3 d5 9. O-O Bd6 10. cxd5 cxd5 11. Nb5 O-O 12. Nxd6 Qxd6 13. Bf4 Qb6 14. Qe3 Nc6 15. Bd6 Rfc8 16. Bc5 Qb7 17. b4 a6 18. a3 Nd7 19. Rab1 g6 20. Rfc1 Nxc5 21. dxc5 Qb8 22. Qd2 Qe5 23. a4 Qd4 24. Qe3 Qxe3 25. fxe3 Ne5 26. Be2 Kf8 27. Kf1 Ke7 28. b5 axb5 29. axb5 Nd7 30. c6 Nb6 31. Rb4 f5 32. g4 Kd6 33. gxf5 gxf5 34. Rh4 Rc7 35. Bd3 Ra3 36. Ke2 Rg7 37. Rh6 Rg2+ 38. Kf3 Raa2 39. Rf1 Rxh2 40. Rxh2 Rxh2 41. Rg1 Rh3+ 42. Ke2 Rh2+ 43. Ke1 Rh3 44. Kd2 Rh2+ 45. Kc3 Rh3 46. Kb4 Rxe3 47. Ka5 Nc8 48. Rg8 Kc7 49. Bc2 Rc3 50. Bd1 Rc1 51. Bh5 Ra1+ 52. Kb4 Rb1+ 53. Kc5 Rc1+ 54. Kd4 Nd6 55. Rg7+ Kb6 56. Ke5 Nxb5 57. Kxe6 Rxc6+ 58. Kxf5 d4 59. Rxh7 Rc5+ 60. Ke4 Rc3 61. Bg6 Kc5 62. Rh8 Re3+ 63. Kf4 Nc3 64. Rc8+ Kb4 65. Rd8 Ne2+ 66. Kg5 Kc3 67. Rc8+ Kd2 68. Rd8 Rg3+ 69. Kf6 Ke3 70. Re8+ Kd2 71. Rd8 Re3 72. Ra8 Rf3+ 73. Ke5 Re3+ 74. Kf6 Nc3 75. Rd8 Ne4+ 76. Ke5 Nc3+ 77. Kxd4 Ne2+ 78. Kc5+ Ke1 79. Rh8 Rc3+ 80. Kd5 Rg3 81. Bf5 Rg5 82. Ke5 Ng3 83. Kf4 Rxf5+ 84. Kxg3 Ra5 85. Rh1+ Ke2 86. Rh2+ Ke3 87. Rg2 Rg5+ 88. Kh2 Rxg2+ 89. Kxg2 1/2-1/2


[Site "https://www.chess.com"]

[Event "Titled Tuesday Blitz August 08 Early 2023"]
[White "Fedoseev, Vladimir"]
[Black "Yeletsky, Ivan"]
[WhiteFideId "24130737"]
[BlackFideId "24180327"]
[WhiteElo "3099"]
[BlackElo "2899"]
[Result "1/2-1/2"]
[Round "11"]
[TimeControl "180+1"]
[Date "2023.08.08"]
[WhiteClock "0:00:12"]
[BlackClock "0:01:02"]
[Board "2"]

1. e4 c5 2. Nf3 d6 3. d4 cxd4 4. Qxd4 Nc6 5. Qe3 g6 6. Nc3 Bg7 7. h3 Nf6 8. Bc4 O-O 9. O-O a6 10. a4 Nd7 11. Nd5 e6 12. Nf4 Qc7 13. c3 Nde5 14. Be2 Nxf3+ 15. Qxf3 Rb8 16. h4 h6 17. Qg3 b5 18. axb5 axb5 19. Nd3 b4 20. h5 bxc3 21. hxg6 Nd4 22. Bh5 fxg6 23. Qxg6 Nb3 24. Ra3 Nxc1 25. Rxc1 Kh8 26. Raxc3 Bxc3 27. Qxh6+ Kg8 28. Rxc3 Qg7 29. Qd2 Rb5 30. Nf4 Rg5 31. Qxd6 e5 32. Rxc8 Rxc8 33. Qe6+ Kh7 34. Qxc8 exf4 35. Bf3 Ra5 36. Qc1 Qe5 37. Kh2 Rb5 38. Qc4 Rxb2 39. Qf7+ Kh6 40. Qf8+ Kg6 41. Qg8+ Kh6 42. Qf8+ Kg6 43. Qg8+ Kh6 44. Qf8+ 1/2-1/2


[Site "https://www.chess.com"]

[Event "Titled Tuesday Blitz August 08 Early 2023"]
[White "Lazavik, Denis"]
[Black "Martinez Alcantara, Jose Eduardo"]
[WhiteFideId "13515110"]
[BlackFideId "3805662"]
[WhiteElo "3058"]
[BlackElo "3051"]
[Result "1/2-1/2"]
[Round "11"]
[TimeControl "180+1"]
[Date "2023.08.08"]
[WhiteClock "0:02:18"]
[BlackClock "0:02:39"]
[Board "3"]

1. d4 Nf6 2. c4 e6 3. Nf3 Bb4+ 4. Bd2 c5 5. Bxb4 cxb4 6. g3 b6 7. Bg2 Bb7 8. O-O a5 9. a3 Na6 10. Qd3 O-O 11. Nbd2 d6 12. Rfd1 Qc7 13. Ne1 e5 14. Nc2 bxa3 15. bxa3 Rfe8 1/2-1/2


[Site "https://www.chess.com"]

[Event "Titled Tuesday Blitz August 08 Early 2023"]
[White "Indjic, Aleksandar"]
[Black "Caruana, Fabiano"]
[WhiteFideId "911925"]
[BlackFideId "2020009"]
[WhiteElo "2941"]
[BlackElo "3100"]
[Result "0-1"]
[Round "11"]
[TimeControl "180+1"]
[Date "2023.08.08"]
[WhiteClock "0:00:00"]
[BlackClock "0:00:05"]
[Board "4"]

1. e4 e5 2. Nf3 Nc6 3. Bb5 a6 4. Ba4 Nf6 5. O-O b5 6. Bb3 Bc5 7. d3 d6 8. a4 Rb8 9. axb5 axb5 10. h3 O-O 11. Nc3 h6 12. Nd5 Nxd5 13. Bxd5 Ne7 14. Bb3 Ng6 15. c3 Bb6 16. d4 Qf6 17. Be3 Nf4 18. Kh2 Re8 19. Bc2 c5 20. b4 c4 21. d5 h5 22. Bxf4 Qxf4+ 23. g3 Qf6 24. Kg2 g6 25. Qe2 Kg7 26. Nd2 Rh8 27. h4 Bg4 28. Qe1 Ra8 29. Rc1 Ra2 30. Bd1 Bd7 31. Rc2 Ra1 32. Qe2 Bg4 33. Nf3 Rha8 34. Qd2 R8a3 35. Ng5 Bxd1 36. Rxd1 Qe7 37. Rxa1 Rxa1 38. Ra2 Rxa2 39. Qxa2 Qb7 40. Nf3 Bd8 41. Nd2 f5 42. Qc2 Kf6 43. Nf1 Bb6 44. Nh2 Qa7 45. Nf3 Qa4 46. Qd2 fxe4 47. Qg5+ Kf7 48. Nd2 Qc2 49. Nf1 Qxf2+ 0-1


[Site "https://www.chess.com"]

[Event "Titled Tuesday Blitz August 08 Early 2023"]
[White "Gholami Orimi, Mahdi"]
[Black "Firouzja, Alireza"]
[WhiteFideId "12558486"]
[BlackFideId "12573981"]
[WhiteElo "2911"]
[BlackElo "3098"]
[Result "1-0"]
[Round "11"]
[TimeControl "180+1"]
[Date "2023.08.08"]
[WhiteClock "0:00:14"]
[BlackClock "0:00:00"]
[Board "5"]

1. d4 Nf6 2. c4 g6 3. g3 Bg7 4. Bg2 O-O 5. Nc3 d6 6. Nf3 Nbd7 7. O-O e5 8. e4 c6 9. h3 Qb6 10. c5 dxc5 11. dxe5 Ne8 12. e6 fxe6 13. Ng5 Ne5 14. f4 Nf7 15. Nxf7 Bd4+ 16. Kh2 Rxf7 17. e5 Nc7 18. Ne4 Nd5 19. a4 a5 20. h4 Qd8 21. h5 b6 22. Ra3 Ba6 23. Qg4 Bxf1 24. Bxf1 Qe7 25. Bh3 Rg7 26. h6 Rf7 27. Qxe6 Kh8 28. Qxc6 Rd8 29. Be6 Nb4 30. Qxb6 c4 31. Qxa5 Nc6 32. Qb5 Nxe5 33. fxe5 Qxe6 34. Bf4 Rxf4 35. gxf4 Qf5 36. Ng3 Qxf4 37. Qa5 Qxh6+ 38. Kg2 Rf8 39. Rf3 Rxf3 40. Kxf3 Qe3+ 41. Kg2 1-0


[Site "https://www.chess.com"]

[Event "Titled Tuesday Blitz August 08 Early 2023"]
[White "Sarana, Alexey"]
[Black "Khubukshanov, Erdem"]
[WhiteFideId "24133795"]
[BlackFideId "54114527"]
[WhiteElo "3081"]
[BlackElo "2859"]
[Result "1-0"]
[Round "11"]
[TimeControl "180+1"]
[Date "2023.08.08"]
[WhiteClock "0:00:28"]
[BlackClock "0:00:08"]
[Board "6"]

1. d4 d5 2. c4 e6 3. Nc3 Nf6 4. cxd5 exd5 5. Bf4 Bd6 6. Bxd6 Qxd6 7. e3 c6 8. Bd3 O-O 9. h3 Re8 10. Nf3 Nbd7 11. O-O Ne4 12. Qc2 Nxc3 13. bxc3 h6 14. c4 dxc4 15. Bxc4 Nb6 16. Bb3 Be6 17. Rfc1 Bd5 18. Ne5 Rad8 19. Qf5 Re7 20. Rab1 g6 21. Qf4 Kg7 22. h4 Qe6 23. Ng4 h5 24. Qh6+ Kg8 25. Ne5 Qf6 26. Qg5 Kg7 27. Qg3 Nc8 28. Nd3 Be4 29. Nf4 Kf8 30. Bc2 Nd6 31. Qg5 Qxg5 32. hxg5 Bxc2 33. Rxc2 Ne4 34. Rcb2 b6 35. Rc1 Rd6 36. Rbc2 Rc7 37. Nh3 c5 38. f3 Ng3 39. dxc5 bxc5 40. Rxc5 Rxc5 41. Rxc5 Rd1+ 42. Kf2 h4 43. e4 Rd2+ 44. Ke3 Rxa2 45. Nf4 Nf1+ 46. Kd3 Rd2+ 47. Kc3 Rd6 48. Rc8+ Kg7 49. Nd5 a5 50. Nf6 Rxf6 51. gxf6+ Kxf6 52. Kd3 Kg5 53. Rf8 f5 54. exf5 gxf5 55. Ke2 Ng3+ 56. Kf2 Kf4 57. Rh8 Kg5 58. Ra8 Nh1+ 59. Kg1 Ng3 60. Rxa5 Ne2+ 61. Kf2 Nf4 62. Ra8 Nd3+ 63. Kf1 Ne1 64. Rg8+ Kf4 65. Kxe1 h3 66. Kf2 hxg2 67. Rxg2 Ke5 1-0


[Site "https://www.chess.com"]